 Dungeon Crawl Stone Soup version 0.21-a0-509-gecc5317 (webtiles) character file.

262 slep the Chopper (level 5, -3/45 HPs)
             Began as a Minotaur Gladiator on Dec 1, 2017.
             Was an Initiate of Okawaru.
             Slain by an orc priest
             ... wielding a +0 trident
              (5 damage)
             ... on level 4 of the Dungeon.
             The game lasted 00:05:50 (1704 turns).

slep the Chopper (Minotaur Gladiator)               Turns: 1704, Time: 00:05:54

Health: -3/45      AC:  5    Str: 19    XL:     5   Next: 97%
Magic:  4/4        EV: 18    Int:  5    God:    Okawaru [......]
Gold:   124        SH:  0    Dex: 17    Spells: 4/4 levels left

rFire    . . .     SeeInvis .   a - +0 war axe
rCold    . . .     Gourm    .   (no shield)
rNeg     . . .     Faith    .   o - +0 ring mail
rPois    .         Spirit   .   c - +0 hat
rElec    .         Reflect  .   (no cloak)
rCorr    .         Harm     .   (no gloves)
MR       .....                  (no boots)
Stlth    ++........             (no amulet)
HPRegen  0.15/turn              (no ring)
MPRegen  0.09/turn              (no ring)

@: agile, lethally poisoned (-3 -> -19), flying
A: retaliatory headbutt, horns 2
a: Renounce Religion


You were on level 4 of the Dungeon.
You worshipped Okawaru.
Okawaru was noncommittal.
You were hungry.

You visited 2 branches of the dungeon, and saw 5 of its levels.

You collected 124 gold pieces.

Inventory:

Hand Weapons
 a - a +0 war axe (weapon)
Missiles
 d - 3 throwing nets (quivered)
Armour
 b - a +0 leather armour
 c - a +0 hat (worn)
 o - a +0 ring mail (worn)
Scrolls
 g - a scroll of enchant weapon {unknown}
 k - a scroll of immolation {unknown}
 l - a scroll of amnesia {unknown}
 m - a scroll of blinking {unknown}
 n - 2 scrolls of remove curse {unknown}
 p - a scroll of random uselessness {unknown}
 s - a scroll of fear {unknown}
 t - a scroll of teleportation {unknown}
 u - a scroll of enchant armour {unknown}
Potions
 e - a potion of agility
 h - a potion of magic
 q - a potion of heal wounds {unknown}
 r - a potion of resistance {unknown}
Comestibles
 f - 3 bread rations
 i - 2 meat rations
 v - 4 chunks of flesh


   Skills:
 + Level 3.5 Fighting
 + Level 6.4 Axes
 + Level 2.1 Throwing
 + Level 2.4 Armour
 + Level 4.0 Dodging
 + Level 0.6 Stealth


You had 4 spell levels left.
You didn't know any spells.

Dungeon Overview and Level Annotations

Branches:
Dungeon (4/15)             Temple (1/1) D:4

Altars:
Ashenzari
Elyvilon
Fedhas
Kikubaaqudgha
Makhleb
Nemelex Xobeh
Okawaru
Qazlal
Sif Muna
Trog
Uskayaw
Vehumet
Xom
Zin
The Shining One


Innate Abilities, Weirdness & Mutations

You reflexively headbutt those who attack you in melee.
You have a pair of horns on your head.


Message History

Something hits you but does no damage.
You are poisoned.
The orc priest invokes the aid of Beogh against you.
Beogh smites you!
* * * LOW HITPOINT WARNING * * *
You hit something but do no damage.
You feel sick.
The orc priest mumbles some strange prayers to Beogh against you.
You closely miss something. Your headbutt misses something.
Something hits you but does no damage.
You are lethally poisoned!
The orc priest hits you from afar with a trident.
* * * LOW HITPOINT WARNING * * *
It was a potion of flight.
You feel very buoyant.
You fly up into the air.
* * * LOW HITPOINT WARNING * * *
You feel sick. Something hits you but does no damage.
You are more poisoned.
The orc priest hits you from afar with a trident.
You die...

#.##8.>.8# #
..........## #.
......#.8.#..
.#............#.
##.#.
..........#.
.)..
.#.......##.


#oo .....##.##. #.# ..... #.##. #@# #.##. #.##. #.# ## #.# # #.# # #.# # #.# #
#.# # #.# # #.# # You could see an orc priest and an orc.

Vanquished Creatures
  An ogre (D:4)
  A scorpion (D:4)
  2 worker ants (D:4)
  A gnoll (D:1)
  2 adders
  An ooze (D:1)
  A worm (D:1)
  A dart slug (D:1)
  3 leopard geckos
  An orc (D:4)
  A bat (D:1)
  3 giant cockroaches
  5 goblins
  7 hobgoblins
  3 jackals (D:1)
  A ball python (D:2)
  2 frilled lizards (D:1)
  6 kobolds
  3 rats
45 creatures vanquished.

Notes
Turn   | Place    | Note
-------+----------+-------------------------------------------
     0 | D:1      | slep the Minotaur Gladiator began the quest for the Orb.
     0 | D:1      | Reached XP level 1. HP: 18/18 MP: 0/0
    33 | D:1      | Found a shimmering altar of Xom.
   117 | D:1      | Reached XP level 2. HP: 22/25 MP: 1/1
   134 | D:1      | Reached skill level 4 in Axes
   284 | D:1      | Reached XP level 3. HP: 8/30 MP: 2/2
   986 | D:2      | Reached skill level 5 in Axes
  1299 | D:2      | Reached XP level 4. HP: 36/37 MP: 3/3
  1455 | D:4      | Reached skill level 1 in Armour
  1507 | D:4      | Reached XP level 5. HP: 45/45 MP: 4/4
  1539 | D:4      | Found a staircase to the Ecumenical Temple.
  1548 | Temple   | Entered the Ecumenical Temple
  1580 | Temple   | Became a worshipper of Warmaster Okawaru
  1664 | D:4      | Noticed an ogre
  1671 | D:4      | Killed an ogre
  1671 | D:4      | Reached skill level 6 in Axes
  1704 | D:4      | HP: 2/45 [poisoned by an orc wizard]
  1704 | D:4      | Slain by an orc priest

Vault maps used:
D:1:      dpeg_arrival_brainrot, minmay_misc_feat_tiny, moated_statue,
          xom_teletrap_fun
D:2:      first_bread
D:3:      chequers_ecumenical_altar_twisty, uniq_terence
D:4:      minmay_temple_entry_statues_pillars, hangedman_decor_slide_cut
Temple:   compressed_dpeg_circular_temple

Skill      XL: |  1  2  3  4  5 |
---------------+----------------+-----
Axes           | 4 5 6 |  6.4
Fighting       | 3 |  3.5
Armour         | 1 2 |  2.4
Dodging        | 4 |  4.0
Throwing       | |  2.1
Stealth        | |  0.6

Action                   |  1- 3 |  4- 6 || total
-------------------------+-------+-------++-------
Melee: War axe           |    68 |    32 ||   100
       Headbutt          |     5 |    10 ||    15
Throw: Throwing net      |       |     1 ||     1
  Use: Potion            |       |     3 ||     3
 Stab: Held in net/web   |       |     1 ||     1
  Eat: Chunk             |     1 |     1 ||     2
Armor: Leather armour    |     9 |       ||     9
       Ring mail         |     6 |     7 ||    13
Dodge: Dodged            |    53 |    21 ||    74

Table legend:
 A = Spawn XP
 B = Non-spawn XP
 C = Spawn XP percentage of total XP
 D = Spawn monster count
 E = Non-spawn monster count
 F = Spawn count percentage of total count
 G = Total turns spent on level
                    A         B        C        D         E        F      G
               +---------+---------+-------+---------+---------+-------+---------
         Total |       0 |     375 |   0.0 |       0 |      45 |   0.0 |  1704
               +---------+---------+-------+---------+---------+-------+---------
           D:1 |       0 |      63 |   0.0 |       0 |      23 |   0.0 |   600
           D:2 |       0 |      38 |   0.0 |       0 |      15 |   0.0 |   822
           D:3 |       0 |       2 |   0.0 |       0 |       1 |   0.0 |     9
           D:4 |       0 |     272 |   0.0 |       0 |       6 |   0.0 |   207
               +---------+---------+-------+---------+---------+-------+---------
